 Dungeon Crawl Stone Soup version 0.28-a0-957-g42eb19b844 (webtiles) character file.

Game seed: 285044632698021791

117450 strifetoe the Spry (level 16, -30/155 HPs)
             Began as a Minotaur Fighter on Dec 1, 2021.
             Was the Champion of Zin.
             Blown up by an orb spider (36 damage)
             ... with an orb of destruction
             ... on level 2 of the Spider Nest on Dec 4, 2021.
             The game lasted 00:48:20 (33185 turns).

strifetoe the Spry (Minotaur Fighter)              Turns: 33185, Time: 00:48:21

Health: -30/155    AC: 31    Str: 30    XL:     16   Next: 23%
Magic:  11/20      EV: 11    Int: 11    God:    Zin [******]
Gold:   2151       SH: 19    Dex:  9    Spells: 15/15 levels left

rFire   . . .      SeeInvis .   l - +2 broad axe (flame)
rCold   . . .      Faith    .   i - +0 tower shield
rNeg    . . .      Spirit   .   A - +5 chain mail
rPois   ∞          Reflect  +   B - +0 hat {Stlth+}
rElec   .          Harm     .   t - +2 cloak of the Marlin {Rampage Int+4 Dex-4}
rCorr   .          Rampage  +   p - +0 pair of gloves
Will    +....                   G - +2 pair of boots {Fly}
Stlth   ..........              g - amulet of reflection
HPRegen 0.35/turn               R - +4 ring of slaying
MPRegen 0.17/turn               P - +4 ring of protection

@: vitalised, flying, studying Dodging
A: horns 2, retaliatory headbutt
a: Renounce Religion, Recite, Vitalisation, Imprison, Sanctuary, Donate Gold


You were on level 2 of the Spider Nest.
You worshipped Zin.
Zin was exalted by your worship.
You visited 4 branches of the dungeon, and saw 25 of its levels.
You also visited: Volcano.

You collected 3545 gold pieces.
You spent 1167 gold pieces at shops.
You donated 227 gold pieces to Zin.

Inventory:

Hand Weapons
 a - a +1 war axe of freezing
 l - a +2 broad axe of flaming (weapon)
 v - the +9 lance "Wyrmbane" {slay drac, rPois rF+ rC+ AC+3}
   (You took it off Maggie on level 6 of the Dungeon)

   It inflicts extra damage against dragons and draconians.
   AC:        It affects your AC (+3).
   rF:        It protects you from fire.
   rC:        It protects you from cold.
   rPois:     It protects you from poison.
 J - the +6 hand axe "Icsarust" {vorpal, rPois Str+4}
   (You found it on level 3 of the Lair of Beasts)

   It inflicts extra damage upon your enemies.
   Str:       It affects your strength (+4).
   rPois:     It protects you from poison.
Missiles
 c - 2 throwing nets (quivered)
Armour
 i - a +0 tower shield (worn)
 n - the +0 plate armour of Sif Muna's Regard {-Tele rC++ Int+3}
   (You bought it in a shop on level 2 of the Orcish Mines)

   Int:       It affects your intelligence (+3).
   rC:        It greatly protects you from cold.
   -Tele:     It prevents most forms of teleportation.
 p - a +0 pair of gloves (worn)
 t - the +2 cloak of the Marlin (worn) {Rampage Int+4 Dex-4}
   (You bought it in a shop on level 11 of the Dungeon)

   Int:       It affects your intelligence (+4).
   Dex:       It affects your dexterity (-4).
   Rampage:   It bestows one free step when moving towards enemies.
 A - a +5 chain mail (worn)
 B - a +0 hat of stealth (worn)
 G - a +2 pair of boots of flying (worn)
Jewellery
 g - an amulet of reflection (around neck)
 u - a ring of resist corrosion
 C - a ring of wizardry
 F - a ring of see invisible
 P - a +4 ring of protection (right hand)
 R - a +4 ring of slaying (left hand)
Wands
 d - a wand of charming (5)
 o - a wand of flame (40)
 q - a wand of acid (8)
 Q - a wand of digging (7)
Scrolls
 b - 2 scrolls of enchant weapon
 f - 6 scrolls of enchant armour
 h - a scroll of brand weapon
 j - 2 scrolls of fear
 k - 9 scrolls of teleportation
 m - 7 scrolls of identify
 s - a scroll of summoning
 w - a scroll of silence
 I - a scroll of fog
 K - 2 scrolls of magic mapping
Potions
 e - 4 potions of curing
 r - 2 potions of heal wounds
 D - a potion of might
 E - 3 potions of resistance
 M - a potion of cancellation
 O - 2 potions of mutation


   Skills:
 - Level 17.0 Fighting
 + Level 16.8(18.0) Axes
 - Level 10.9(15.2) Polearms
 - Level 14.6 Armour
 + Level 17.4 Dodging
 - Level 9.3 Shields
 + Level 6.6 Invocations


You had 15 spell levels left.
You didn't know any spells.
Your spell library contained the following spells:

 Spells                   Type           Power      Damage    Failure   Level
 Slow                     Hex            0%         N/A       100%        1
 Passwall                 Tmut/Erth      0%         N/A       100%        2
 Confusing Touch          Hex            0%         N/A       100%        3
 Frozen Ramparts          Ice            0%         1d2       100%        3
 Inner Flame              Hex/Fire       0%         N/A       100%        3
 Swiftness                Air            0%         N/A       100%        3
 Tukima's Dance           Hex            0%         N/A       100%        3
 Vampiric Draining        Necr           0%         2d6       100%        3
 Airstrike                Air            0%         N/A       100%        4
 Cause Fear               Hex            0%         N/A       100%        4
 Ice Form                 Ice/Tmut       0%         N/A       100%        4
 Leda's Liquefaction      Hex/Erth       0%         N/A       100%        4
 Passage of Golubria      Tloc           0%         N/A       100%        4
 Summon Ice Beast         Ice/Summ       0%         N/A       100%        4
 Summon Lightning Spire   Summ/Air       0%         N/A       100%        4
 Alistair's Intoxication  Tmut/Pois      0%         N/A       100%        5
 Borgnjor's Vile Clutch   Necr/Erth      0%         N/A       100%        5
 Iskenderun's Battlesphe  Conj           0%         2d6       100%        5
 Lee's Rapid Deconstruct  Erth           0%         3d5*      100%        5
 Lightning Bolt           Conj/Air       0%         1d11      100%        5
 Yara's Violent Unravell  Hex/Tmut       0%         3d3       100%        5
 Eringya's Noxious Bog    Tmut/Pois      0%         N/A       100%        6
 Iron Shot                Conj/Erth      0%         9d1       100%        6
 Statue Form              Tmut/Erth      0%         N/A       100%        6
 Spellforged Servitor     Conj/Summ      0%         N/A       100%        7
 Discord                  Hex            0%         N/A       100%        8


Dungeon Overview and Level Annotations

Branches:
Dungeon (15/15)            Temple (0/1) D:5            Lair (6/6) D:8
 Shoals (0/4) Lair:4       Spider (2/4) Lair:3        Slime (0/5) Lair:6
    Orc (2/2) D:9             Elf (0/3) Orc:2        Vaults (0/5) D:14
 Depths (0/4) D:15        Volcano (visited)

Altars:
Dithmenos
Gozag
Sif Muna
Vehumet
Zin
Beogh

Shops:
D:1 :   D:11 [   D:15 (   Orc:2 :*[(

Annotations:
D:7 exclusion: downstairs


Innate Abilities, Weirdness & Mutations

You have a pair of horns on your head.
You reflexively headbutt those who attack you in melee.


Message History

The orb spider spins a strand of pure energy.
Unknown command.
Unknown command.
The tarantella touches you!
* * * LOW HITPOINT WARNING * * *
Your divine stamina protects you from confusion!
You block the tarantella's attack. The tarantella barely misses you.
Unknown command.
You completely miss the tarantella. You headbutt the tarantella.
The tarantella is almost dead.
You hit the tarantella. You burn the tarantella.
The tarantella barely misses you. You block the tarantella's attack. x2
The jumping spider completely misses you.
You furiously retaliate!
You headbutt the jumping spider! The jumping spider bites you.
* * * LOW HITPOINT WARNING * * *
Unknown command.
Zin grants you divine stamina.
A redback comes into view.
The tarantella touches you but does no damage. x2
The jumping spider pounces on you but does no damage.
The jumping spider bites you but does no damage.
The tarantella touches you but does no damage.
You hear a choir sing!
By Zin's power, all blood is cleared from the sanctuary.
The monsters scatter in all directions!
You rampage towards the tarantella!
You swap places.
Unknown command.
You rampage towards the orb spider!
The orb spider weaves a glowing orb of energy.
An orb of destruction comes into view.
An electric eel comes into view.
The electric eel shoots out a bolt of lightning at you!
The bolt of electricity hits you.
* * * LOW HITPOINT WARNING * * *
The electric eel shoots out a bolt of lightning at you!
The bolt of electricity hits you.
* * * LOW HITPOINT WARNING * * *
The orb of destruction hits you!!!
You die...

..# #≈#......## ..#
##......^.# ≈#≈
..#####.........# ###≈≈≈
.....#..........## #≈S≈≈≈≈
...........#.....####≈≈≈≈≈≈
........####^....##≈≈≈≈≈≈#
# .........#
##^...#≈≈≈≈≈≈≈#..
#####..^.#
##..†.##≈≈≈≈#≈/.. ##..##
#....@...≈≈#≈≈... ####
#.....☼...#≈≈≈#. .
##..#..☼...##≈≈....
####...○○○○###s..#
#...#...°○....#
#####...^#.....
#.†..##..... #.†...≈.....
##†.[.####.


There were no monsters in sight!

Vanquished Creatures
  Gastronok (Lair:2)
  Louise (D:14)
  3 orc warlords
  A dire elephant (D:15)
  Snorg (D:14)
  Fannar (Lair:1)
  A yaktaur captain (D:14)
  3 boulder beetles
  15 hydras
  8 centaur warriors
  A death knight (D:14)
  Erica (D:8)
  A two-headed ogre (D:11)
  An orc high priest (Orc:2)
  6 death yaks (Lair:6)
  2 tengu warriors (D:15)
  Urug (Lair:2)
  Nergalle (Lair:2)
  5 deep elf pyromancers
  3 orb spiders
  11 ugly things
  2 orc sorcerers (Orc:2)
  4 orc knights
  4 cyclopes
  An oklob plant (Lair:1)
  A moth of wrath (Spider:1)
  7 wolf spiders
  5 manticores
  A salamander (D:15)
  10 elephants
  Maurice (D:8)
  4 black mambas
  A torpor snail (Lair:2)
  6 rime drakes
  11 cane toads
  A gargoyle (D:12)
  Maggie (D:6)
  An unseen horror (D:12)
  A freezing wraith (D:12)
  5 yaktaurs
  2 efreet
  11 komodo dragons
  2 kobold demonologists
  3 tengu conjurers
  4 demonic crawlers
  A meliai (shapeshifter) (D:14)
  A troll (shapeshifter) (D:15)
  13 jumping spiders
  8 trolls
  10 polar bears
  6 hornets
  5 slime creatures (D:12)
  34 blink frogs
  A snapping turtle (Lair:4)
  10 dream sheep
  2 centaur simulacra
  40 redbacks
  2 shadows
  4 wyverns
  4 wraiths
  2 vampires
  7 tarantellas
  12 spriggans (Lair:6)
  5 basilisks
  45 yaks
  4 steam dragons
  4 wargs
  2 acid dragons
  10 water moccasins
  An ice beast (D:5)
  A hornet zombie (D:6)
  6 black bears
  3 ogres
  38 orc warriors
  24 centaurs
  4 boggarts (Lair:6)
  A necrophage (D:5)
  28 wolves
  8 kobold brigands
  A phantom (D:5)
  Blork the orc (Orc:2)
  10 bullfrogs
  3 scorpions
  2 wyvern zombies
  15 killer bees
  4 electric eels
  6 howler monkeys
  2 bullfrog zombies
  A lava snake (Lair:5)
  5 centaur zombies
  A bullfrog skeleton (D:5)
  5 jellies
  13 orc priests
  6 hounds
  2 iguanas (D:7)
  19 orc wizards
  8 adders
  4 gnolls (Orc:2)
  A shadow imp (D:7)
  An ufetubus (D:5)
  A worm (D:2)
  A dart slug (D:3)
  86 orcs
  3 bats
  11 endoplasms
  2 giant cockroaches
  5 hobgoblins
  6 jackals
  5 quokkas
  13 ball pythons
  6 frilled lizards
  3 goblins
  22 kobolds
  5 rats
  2 bushes
784 creatures vanquished.

Vanquished Creatures (others)
  A bullfrog (Lair:2)
  A bush (Lair:6)
  41 fungi
  54 plants
97 creatures vanquished.

Grand Total: 881 creatures vanquished

Notes
Turn   | Place    | Note
-------+----------+-------------------------------------------
     0 | D:1      | strifetoe the Minotaur Fighter began the quest for the Orb.
     0 | D:1      | Reached XP level 1. HP: 19/19 MP: 0/0
   170 | D:1      | Found Binuinase's Book Emporium.
   233 | D:1      | Found a faded altar of an unknown god.
   237 | D:1      | Reached XP level 2. HP: 26/26 MP: 1/1
   327 | D:1      | Prayed at the altar of an unknown god.
   327 | D:1      | Became a worshipper of Zin the Law-Giver
   327 | D:1      | Reached * piety under Zin
   817 | D:2      | Reached XP level 3. HP: 31/31 MP: 2/2
   856 | D:2      | Reached ** piety under Zin
  1188 | D:2      | Reached skill level 5 in Axes
  1243 | D:2      | Reached XP level 4. HP: 38/39 MP: 3/3
  2263 | D:3      | Reached XP level 5. HP: 30/45 MP: 4/4
  2648 | D:4      | Reached *** piety under Zin
  3237 | D:5      | Entered Level 5 of the Dungeon
  3241 | D:5      | Reached XP level 6. HP: 47/51 MP: 5/5
  3289 | D:5      | Noticed an ice beast
  3299 | D:5      | Killed an ice beast
  3300 | D:5      | Found a staircase to the Ecumenical Temple.
  3589 | D:5      | Reached XP level 7. HP: 57/57 MP: 6/6
  3672 | D:5      | Reached skill level 10 in Axes
  4650 | D:6      | Reached skill level 5 in Fighting
  4650 | D:6      | Reached skill level 5 in Armour
  4650 | D:6      | Reached XP level 8. HP: 22/68 MP: 7/7
  4880 | D:6      | Noticed Maggie
  4897 | D:6      | Killed Maggie
  5229 | D:6      | Reached **** piety under Zin
  5583 | D:6      | Reached skill level 1 in Polearms
  5965 | D:7      | Reached XP level 9. HP: 78/79 MP: 8/8
  6039 | D:7      | Identified a scroll of acquirement
  6039 | D:7      | Acquired 811 gold pieces
  6040 | D:7      | Reached ***** piety under Zin
  6611 | D:8      | HP: 1/79 [killer bee (4)]
  6938 | D:8      | Noticed Erica
  6962 | D:8      | Killed Erica
  7383 | D:8      | Noticed Maurice
  7395 | D:8      | Killed Maurice
  7469 | D:8      | Noticed a troll
  7474 | D:8      | Killed a troll
  7475 | D:8      | Reached skill level 5 in Invocations
  7517 | D:8      | Reached XP level 10. HP: 70/86 MP: 12/12
  7569 | D:8      | Found a staircase to the Lair.
  7802 | D:8      | Reached skill level 10 in Polearms
  8667 | D:9      | Reached skill level 1 in Dodging
  9144 | D:9      | Found a staircase to the Orcish Mines.
  9675 | D:10     | Entered Level 10 of the Dungeon
  9827 | D:10     | Noticed a cyclops
  9829 | D:10     | Found a shimmering blue altar of Sif Muna.
  9836 | D:10     | Killed a cyclops
 10302 | D:10     | Reached XP level 11. HP: 91/95 MP: 13/13
 10772 | D:11     | Reached skill level 5 in Dodging
 10782 | D:11     | Found Geolo's Armour Shoppe.
 10785 | D:11     | Bought a +0 pair of boots for 49 gold pieces
 10785 | D:11     | Bought the +2 cloak of the Marlin {Rampage Int+4 Dex-4} for
                  | 236 gold pieces
 10902 | D:11     | Noticed a two-headed ogre
 10911 | D:11     | Killed a two-headed ogre
 11161 | D:11     | Reached skill level 10 in Fighting
 11161 | D:11     | Reached skill level 10 in Armour
 11250 | D:11     | Reached ****** piety under Zin
 11601 | D:11     | Reached skill level 5 in Shields
 12412 | D:12     | Noticed a red ugly thing
 12424 | D:12     | Killed a red ugly thing
 12425 | D:12     | Reached XP level 12. HP: 100/112 MP: 14/14
 12671 | D:12     | Noticed a boulder beetle
 12698 | D:12     | Killed a boulder beetle
 12708 | D:12     | Noticed a centaur warrior
 12721 | D:12     | Killed a centaur warrior
 12842 | D:12     | Identified the +0 cloak "Dupit" {rC- Int+6}
 13273 | D:13     | Noticed a centaur warrior
 13279 | D:13     | Killed a centaur warrior
 13457 | Lair:1   | Entered Level 1 of the Lair of Beasts
 13630 | Lair:1   | Noticed Fannar
 13678 | Lair:1   | Killed Fannar
 14174 | Lair:1   | Noticed an eight-headed hydra
 14183 | Lair:1   | Killed a five-headed hydra
 14467 | Lair:1   | Noticed a five-headed hydra
 14476 | Lair:1   | Killed a one-headed hydra
 15113 | Lair:2   | Noticed Nergalle
 15121 | Lair:2   | Killed Nergalle
 15289 | Lair:2   | Reached XP level 13. HP: 30/122 MP: 15/15
 15672 | Lair:2   | Noticed Urug
 15691 | Lair:2   | Killed Urug
 15739 | Lair:2   | Noticed Gastronok
 15960 | Lair:2   | Killed Gastronok
 15966 | Lair:1   | HP: 6/122 [seven-headed hydra (10)]
 16731 | Lair:3   | Reached skill level 15 in Axes
 16952 | Lair:3   | Found a shadowy altar of Dithmenos.
 16985 | Lair:3   | Found a hole to the Spider Nest.
 18685 | Lair:4   | Found a dark tunnel.
 18698 | Volcano  | Entered a volcano
 19506 | Lair:4   | Found a staircase to the Shoals.
 19866 | Lair:3   | Identified the +6 hand axe "Icsarust" {vorpal, rPois Str+4}
 20160 | Lair:5   | Reached XP level 14. HP: 105/132 MP: 16/16
 21016 | Lair:6   | Entered Level 6 of the Lair of Beasts
 21913 | Lair:6   | Found a staircase to the Slime Pits.
 22017 | Lair:6   | Reached skill level 15 in Fighting
 22316 | Lair:6   | Reached skill level 10 in Dodging
 22563 | Lair:6   | Identified the +5 war axe "Leviticus" {flame, Contam rElec
                  | rF+}
 23979 | Orc:1    | Entered Level 1 of the Orcish Mines
 23999 | Orc:1    | Noticed an orc warlord
 24001 | Orc:1    | Reached XP level 15. HP: 130/143 MP: 17/17
 24028 | Orc:1    | HP: 3/143 [orc knight (31)]
 24029 | Orc:1    | Zin protects you from harm!
 24564 | Orc:1    | Killed an orc warlord
 24954 | Orc:1    | Noticed an orc warlord
 24975 | Orc:1    | Killed an orc warlord
 25537 | Orc:2    | Entered Level 2 of the Orcish Mines
 25537 | Orc:2    | Found a staircase to the Elven Halls.
 25707 | Orc:2    | Noticed an orc warlord
 26195 | Orc:2    | Noticed Blork the orc
 26220 | Orc:2    | HP: 5/144 [orc warrior[an orc warlord] (4)]
 26808 | Orc:2    | Killed Blork the orc
 26818 | Orc:2    | Killed an orc warlord
 27395 | Orc:2    | Found Cuenoekk's General Store.
 27401 | Orc:2    | Found Omuacs's Book Shop.
 27558 | Orc:2    | Found Oguig's Antique Weapon Shop.
 27564 | Orc:2    | Bought a runed broad axe for 182 gold pieces
 27573 | Orc:2    | Found Magip's Antique Armour Shop.
 27580 | Orc:2    | Bought a steaming plate armour for 700 gold pieces
 27580 | Orc:2    | Identified the +0 plate armour of Sif Muna's Regard {-Tele
                  | rC++ Int+3} (You bought it in a shop on level 2 of the
                  | Orcish Mines)
 27968 | D:13     | Found an opulent altar of Gozag.
 28456 | D:13     | Acquired a manual of Dodging
 28718 | D:14     | Found a gate to the Vaults.
 29799 | D:14     | Noticed Louise
 29815 | D:14     | Killed Louise
 29992 | D:14     | Noticed Snorg
 30002 | D:14     | Killed Snorg
 30241 | D:15     | Entered Level 15 of the Dungeon
 30462 | D:15     | Found Bivigeot's Weapon Shoppe.
 30532 | D:15     | Reached skill level 15 in Dodging
 30782 | D:15     | Found a radiant altar of Vehumet.
 31268 | D:15     | Found a staircase to the Depths.
 31895 | Spider:1 | Entered Level 1 of the Spider Nest
 32003 | Spider:1 | Reached XP level 16. HP: 154/155 MP: 19/19
 33174 | Spider:2 | HP: 7/155 [jumping spider (6)]
 33183 | Spider:2 | HP: 6/155 [electric eel/bolt of electricity (4)]
 33185 | Spider:2 | Blown up by an orb spider

Illustrated notes

Levels and vault maps discovered:
D:1:      elethiomel_arrival_shortcut, layout_rooms,
          hellmonk_ecumenical_altar_slurped_away, serial_shops,
          nicolae_square_shop, minivault_11, hangedman_decor_clover_reticule,
          minmay_box_of_dots
D:2:      kennysheep_big_flooded_room, layout_loops_cross, minmay_snake_closets
D:3:      layout_loops_ring
D:4:      layout_loops_cross
D:5:      layout_basic, minmay_temple_entry_gardened_gates, hex_tiny,
          kb_lookout_dungeons_type
D:6:      layout_basic, hangedman_decor_peaks_small, kennysheep_generic_room_9,
          uniq_maggie
D:7:      nicolae_cairo_tiling, layout_rooms, chequers_serial_rivers_small_a
D:8:      layout_basic, erik_lair_island, uniq_maurice, uniq_erica
D:9:      layout_basic, hiddenorc1_lemuel, corexii_corridor_pit
D:10:     layout_basic, mainiacjoe_overflow_catwalk
D:11:     layout_basic, special_room [special_room_kobold], serial_shops,
          kennysheep_mini_moat, minivault_22
D:12:     layout_small_grid, hangedman_corner_corridor
D:13:     layout_loops_ring, grunt_gozag_breadcrumbs
D:14:     layout_gridville, david_vaults_2, minmay_strange_pillars, uniq_snorg,
          uniq_louise
D:15:     hangedman_depths_entry_try_elsewhere_first, layout_gridville,
          serial_shops, nicolae_shop_bloodbath_and_beyond,
          nicolae_vehumet_radiance
Lair:1:   layout_regular_city, minmay_lair_oklob_items, grunt_megastairs_3,
          lemuel_fruit_tree, infiniplex_staircase_pool_2, uniq_fannar
Lair:2:   layout_gridlike, serial_bayou_shore_b, grunt_megastairs_1, uniq_urug,
          uniq_gastronok, uniq_nergalle
Lair:3:   layout_cave_pods, nicolae_spider_entry_tight_spaces, basic_altar
Lair:4:   layout_cave_pods, minmay_shoals_entry_hut, enter_volcano_4
Lair:5:   layout_gridlike
Lair:6:   minmay_lair_end_enchanted_forest, layout_gridlike,
          nicolae_slime_entry_slimehenge, grunt_megastairs_2
Spider:1: layout_spider_delve
Spider:2: layout_spider_delve, drop_trap
Orc:1:    cheibrodos_orc_arena, layout_caves, serial_shops,
          nicolae_orc_lava_room
Orc:2:    grunt_orc_cross, layout_caves, guppyfry_library_mini

Skill      XL: |  1  2  3  4  5  6  7  8  9 10 11 12 13 14 15 16 |
---------------+-------------------------------------------------+-----
Axes           | 3 4 5 6 7 9 10 13 16 | 16.8
Fighting       | 5 7 8 11 13 14 15 17 | 17.0
Armour         | 5 7 8 10 11 13 14 | 14.6
Polearms       | 3 8 10 | 10.9
Invocations    | 5 6 |  6.6
Dodging        | 4 6 7 10 16 17 | 17.4
Shields        | 7 9 |  9.3

Action                   |  1- 3 |  4- 6 |  7- 9 | 10-12 | 13-15 | 16-18 || total
-------------------------+-------+-------+-------+-------+-------+-------++-------
Melee: War axe           |    86 |   104 |   137 |   103 |   948 |       ||  1378
       Headbutt          |    11 |    14 |    33 |   135 |   232 |    18 ||   443
       Lance             |       |       |    32 |   582 |       |       ||   614
       Broad axe         |       |       |       |       |   253 |   100 ||   353
Invok: Vitalisation      |       |       |       |       |       |     2 ||     2
       Sanctuary         |       |       |       |       |       |     1 ||     1
Evoke: Wand              |       |       |     6 |     5 |     2 |     2 ||    15
  Use: Potion            |       |     1 |    10 |       |     6 |     3 ||    20
       Scroll            |       |       |    16 |    11 |    10 |       ||    37
Armor: Scale mail        |    28 |    46 |    12 |       |       |       ||    86
       Chain mail        |       |       |    84 |   322 |   600 |   125 ||  1131
       Skin              |       |       |     4 |       |       |       ||     4
Dodge: Dodged            |    39 |    39 |    51 |    93 |   264 |    67 ||   553
Block: Buckler           |    18 |    22 |    24 |       |       |       ||    64
       Tower shield      |       |       |    52 |   529 |  1245 |   152 ||  1978
       Reflection        |       |       |       |    20 |    43 |       ||    63

Table legend: (Time is in decaauts)
 A = Elapsed time spent in this place.
 B = Non-inter-level travel time spent in this place.
 C = Inter-level travel time spent in this place.
 D = Time resting spent in this place.
 E = Time spent auto-exploring this place.
 F = Levels seen in this place.
 G = Mean time per level.
                   A        B        C        D        E       F      G
               +--------+--------+--------+--------+--------+-----+--------+
         Total |  33280 |  31623 |   1657 |   7596 |  18714 |  26 | 1280.0 |
       Dungeon |  18205 |  17136 |   1069 |   2993 |  11616 |  15 | 1213.7 |
          Lair |  10265 |   9785 |    480 |   2515 |   5371 |   6 | 1710.8 |
   Spider Nest |   1293 |   1285 |      8 |    404 |    618 |   2 |  646.5 |
  Orcish Mines |   3219 |   3121 |     98 |   1509 |   1071 |   2 | 1609.5 |
       Volcano |    298 |    298 |      0 |    175 |     37 |   1 |  298.0 |
               +--------+--------+--------+--------+--------+-----+--------+

Top non-repeatable levels by time:
  Lair:6: 2382 daAuts
  Lair:1: 2095 daAuts
   Orc:1: 1834 daAuts
     D:9: 1809 daAuts
  Lair:3: 1760 daAuts
    D:14: 1558 daAuts
  Lair:5: 1478 daAuts
    D:15: 1437 daAuts
     D:8: 1420 daAuts
     D:5: 1401 daAuts
  Lair:2: 1386 daAuts
   Orc:2: 1384 daAuts
    D:12: 1361 daAuts
     D:6: 1285 daAuts
     D:7: 1260 daAuts
